Workbook
Name A__EREDMÉNYKIMUTATÁS: #REF!
Name Adat1Pügy_: #REF!
Name AdatCéltartalékTábla: #REF!
Name AdatSajátTőkeTábla: #REF!
Name B__EREDMÉNYKIMUTATÁS: #REF!
Name Egyéb_bev_Tábla: #REF!
Name Egyéb_költs_Tábla: #REF!
Name Egyéb_köv_Tábla: #REF!
Name Egyéb_ráford_Tábla: #REF!
Name Egyéb_Rövlej_Tábla: #REF!
Name Eredmény_és_jövedelem: #REF!
Name Költségszerkezet: #REF!
Name MÉRLEG_Eszközök__aktívák: #REF!
Name MÉRLEG_Források__passzívák: #REF!
Name NémetEredmA: #REF!
Name NémetEredmB: #REF!
Name NémetEszköz: #REF!
Name NémetForrás: #REF!
Name PénzeszközTábla: #REF!
Name Pénzügyi_helyz____A: #REF!
Name Pénzügyi_helyz____B: #REF!
Name Tárgyi_Eszköz_Állomány: #REF!
Name Vagyoni_helyzet: #REF!

Sheet Adatok
A2: Ügyfél neve | B2: MOGYORÓD NONPROFIT KFT | D2: 1 | E2: 2 | F2: 4 | G2: 7 | H2: 2 | I2: 7 | J2: 0 | K2: 1 | L2: 5 | M2: 1 | N2: 7 | O2: 0 | P2: 1 | Q2: 1 | R2: 3 | S2: 1 | T2: 3
D3: Statisztikai számjel
A4: Mérlegkészítés helye | B4: Gödöllő
A6: Mérlegzárás éve | B6: 2025. | D6: 1 | E6: 3 | F6: - | G6: 0 | H6: 9 | I6: - | J6: 0 | K6: 8 | L6: 4 | M6: 9 | N6: 6 | O6: 4
D7: Cégjegyzék szám

Sheet Merleg_m
A2: 2 | B2: 3 | C2: 1 | D2: 5 | E2: 7 | F2: 5 | G2: 7 | H2: 4 | I2: 4 | J2: 7 | K2: 7 | L2: 8 | M2: 5 | N2: 7 | O2: 2 | P2: 1 | Q2: 3 | T2: =Adatok!W2 -> 0
A4: Statisztikai számjel
A6: 1 | B6: 3 | C6: - | D6: 0 | E6: 9 | F6: - | G6: 1 | H6: 4 | I6: 4 | J6: 6 | K6: 2 | L6: 5
A8: Cégjegyzék szám
A12: Mogyoród Településüzemeltető Nonprofit Kft. 2026.I. félévi beszámoló
M13: 2026.01.01-2026.06.30
A15: MÉRLEG Eszközök (aktívák)
X17: adatok ezer Ft-ban
B18: A tétel megnevezése | U18: Előző év | V18: Előző év(ek) módosításai | W18: Előző évek módosításai | X18: Tárgyév
A19: 01. | B19: A. Befektetett eszközök (02.+03.+04. sor) | U19: =+U20+U21+U22 -> 437234 | V19: =V20+V21+V22 -> #REF! | X19: =+X20+X21+X22 -> 415453
A20: 02. | B20: I. IMMATERIÁLIS JAVAK | U20: 0 | V20: =#REF!+#REF!+#REF!+#REF!+#REF!+#REF! -> #REF! | X20: 0
A21: 03. | B21: II. TÁRGYI ESZKÖZÖK | U21: 437234 | V21: =SUM(#REF!) -> #REF! | W21: 0 | X21: 415453
A22: 04. | B22: III. BEFEKTETETT PÉNZÜGYI ESZKÖZÖK | V22: =SUM(#REF!) -> #REF!
A23: 05. | B23: B. Forgóeszközök (06.+07.+08.+09. sor) | U23: =+U24+U25+U26+U27 -> 89617 | V23: =+V24+V25+V26+V27 -> #REF! | W23: =+W24+W25+W26+W27 -> 0 | X23: =+X24+X25+X26+X27 -> 34259
A24: 06. | B24: I. KÉSZLETEK | U24: 1962 | V24: =SUM(#REF!) -> #REF! | X24: 2231
A25: 07. | B25: II. KÖVETELÉSEK | U25: =6937+25+1465+82+3+24+100 -> 8636 | V25: =SUM(#REF!) -> #REF! | X25: =2139+23+30+508+1 -> 2701
A26: 08. | B26: III. ÉRTÉKPAPÍROK | V26: =SUM(#REF!) -> #REF!
A27: 09. | B27: IV. PÉNZESZKÖZÖK | U27: 79019 | V27: =SUM(#REF!) -> #REF! | X27: 29327
A28: 10. | B28: C. Aktív időbeli elhatárolások | U28: 28888 | X28: 98990
A29: 11. | B29: ESZKÖZÖK (AKTÍVÁK) ÖSSZESEN (01.+05.+10. sor) | U29: =+U19+U23+U28 -> 555739 | V29: =+V19+V23+V28 -> #REF! | X29: =+X19+X23+X28 -> 548702
A33: MÉRLEG Források (passzívák)
X35: adatok ezer Ft-ban
B36: A tétel megnevezése | U36: Előző év | V36: Előző év(ek) módosításai | W36: Előző évek módosításai | X36: Tárgyév
A37: 12. | B37: D. Saját tőke (13.+15.+16.+17.+18.+19.+ 20 sor) | U37: =SUM(U38:U45) -> 51210 | V37: =SUM(V38:V45) -> 0 | W37: =SUM(W38:W45) -> 0 | X37: =SUM(X38:X45) -> 71521
A38: 13. | B38: I. JEGYZETT TŐKE | U38: 3000 | X38: 3000
A39: 15. | B39: 53 sorból: a) visszavásárolt tulajdonosi részesedés névértéken
A40: 16. | B40: II. JEGYZETT, DE MÉG BE NEM FIZETETT TŐKE (-)
A41: 17. | B41: III.TŐKETARTALÉK
A42: 18. | B42: IV. EREDMÉNYTARTALÉK | U42: 22416 | W42: 0 | X42: 48209
A43: 19. | B43: V. LEKÖTÖTT TARTALÉK
A44: 20. | B44: VI. ÉRTÉKELÉSI TARTALÉK
A45: 21. | B45: VII. | D45: ADÓZOTT EREDMÉNY | U45: 25794 | X45: 20312
B46: E. Céltartalékok | U46: 0 | X46: 0
A47: 22. | B47: F. Kötelezettségek (23.+24.+25 sor) | U47: =+U48+U49+U50 -> 475570 | V47: =+V48+V49+V50 -> #REF! | W47: =+W48+W49+W50 -> 0 | X47: =+X48+X49+X50 -> 450680
A48: 23. | B48: I. HÁTRASOROLT KÖTELEZETTSÉGEK
A49: 24. | B49: II. HOSSZÚ LEJÁRATÚ KÖTELEZETTSÉGEK | U49: 158987 | V49: =SUM(#REF!) -> #REF! | X49: 158987
A50: 25. | B50: II. RÖVID LEJÁRATÚ KÖTELEZETTSÉGEK | U50: =18+7924+1665+917+84+1663+57+1236+2617+394+300000+37-29 -> 316583 | V50: =SUM(#REF!) -> #REF! | X50: =2592+289090+6+3+2 -> 291693
A51: 26. | B51: G. Passzív időbeli elhatárolások | U51: 28959 | X51: 26501
A52: 27. | B52: FORRÁSOK (PASSZÍVÁK) ÖSSZESEN (12.+21.+22.+26. sor) | U52: =+U37+U47+U51+U46 -> 555739 | V52: =+V37+V47+V51 -> #REF! | W52: =+W37+W47+W51 -> 0 | X52: =+X37+X47+X51+X46 -> 548702
X53: =+X29-X52 -> 0
A58: Keltezés: Mogyoród, 2026.08.16
Q59: PH. | U59: a vállalkozás vezetője
U60: (képviselője)
A65: 2 | B65: 3 | C65: 1 | D65: 5 | E65: 7 | F65: 5 | G65: 7 | H65: 4 | I65: 4 | J65: 7 | K65: 7 | L65: 8 | M65: 5 | N65: 7 | O65: 2 | P65: =P2 -> 1 | Q65: =Q2 -> 3
A67: Statisztikai számjel
A69: =A6 -> 1 | B69: =B6 -> 3 | C69: =C6 -> - | D69: =D6 -> 0 | E69: =E6 -> 9 | F69: =F6 -> - | G69: 1 | H69: 4 | I69: 4 | J69: 6 | K69: 2 | L69: 5
A71: Cégjegyzék szám
A76: =+A12 -> Mogyoród Településüzemeltető Nonprofit Kft. 2026.I. félévi beszámoló
A77: =+M13 -> 2026.01.01-2026.06.30
A79: "A" EREDMÉNYKIMUTATÁS
A80: (összköltség eljárással)
X81: adatok ezer Ft-ban
B82: A tétel megnevezése | U82: Előző év | V82: Előző év(ek) módosításai | W82: Előző évek módosításai | X82: Tárgyév
A83: I. | B83: Értékesítés nettó árbevétele | U83: 200198 | V83: =SUM(#REF!) -> #REF! | X83: 106762
A84: II. | B84: Aktivált saját teljesítmények értéke | U84: 3217 | W84: 0 | X84: 0
A85: III. | B85: Egyéb bevételek | U85: 260453 | X85: 146947
B86: Ebből: értékvesztés
A87: IV. | B87: Anyagjellegű ráfordítások | U87: 140665 | V87: =SUM(#REF!) -> #REF! | W87: 0 | X87: 81655
A88: V. | B88: Személyi jellegű ráfordítások | U88: 249253 | V88: =SUM(#REF!) -> #REF! | X88: 123753
A89: VI. | B89: Értékcsökkenési leírás | U89: 30456 | X89: 21781
A90: VII. | B90: Egyéb ráfordítások | U90: 17692 | X90: 6206
B91: Ebből: értékvesztés
A92: A. | B92: ÜZEMI ( ÜZLETI) TEVÉKENYSÉG EREDMÉNYE (I.+II.+III.-IV.-V.-VI.-VII.) | U92: =+U83+U84+U85-U87-U88-U89-U90-U91 -> 25802 | V92: =+V83+V84+V85-V87-V88-V89-V90-V91 -> #REF! | W92: =+W83+W84+W85-W87-W88-W89-W90-W91 -> 0 | X92: =+X83+X84+X85-X87-X88-X89-X90-X91+1 -> 20315
A93: VIII. | B93: Pénzügyi műveletek bevételei | U93: 0 | V93: =SUM(#REF!) -> #REF! | X93: 0
A94: IX. | B94: Pénzügyi műveletek ráfordításai | U94: 0 | V94: =SUM(#REF!) -> #REF! | X94: 0
A95: B. | B95: PÉNZÜGYI MŰVELETEK EREDMÉNYE (VIII.-IX.) | U95: =U93-U94 -> 0 | V95: =+V93-V94 -> #REF! | W95: =+W93-W94 -> 0 | X95: =X93-X94 -> 0
A96: C | B96: ADÓZÁS ELŐTTI EREDMÉNY (±C.+-D.) | U96: =U92+U95 -> 25802 | V96: =V92+V93 -> #REF! | W96: =W92+W93 -> 0 | X96: =X92+X95 -> 20315
A97: X | B97: Adófizetési kötelezettség | U97: 8 | X97: 3
A98: D | B98: ADÓZOTT EREDMÉNY (±E.-XII.) | U98: =+U96-U97 -> 25794 | V98: =+V96-V97 -> #REF! | W98: =+W96-W97 -> 0 | X98: =+X96-X97 -> 20312
A103: =+A58 -> Keltezés: Mogyoród, 2026.08.16
Q104: PH. | U104: a vállalkozás vezetője
U105: (képviselője)

Sheet Merleg_n
A2: =Adatok!D2 -> 1 | B2: =Adatok!E2 -> 2 | C2: =Adatok!F2 -> 4 | D2: =Adatok!G2 -> 7 | E2: =Adatok!H2 -> 2 | F2: =Adatok!I2 -> 7 | G2: =Adatok!J2 -> 0 | H2: =Adatok!K2 -> 1 | ... Q2: =Adatok!T2 -> 3
A4: Statistisches Zeichen
A6: =Adatok!D6 -> 1 | B6: =Adatok!E6 -> 3 | C6: =Adatok!F6 -> - | D6: =Adatok!G6 -> 0 | E6: =Adatok!H6 -> 9 | F6: =Adatok!I6 -> - | G6: =Adatok!J6 -> 0 | H6: =Adatok!K6 -> 8 | ... L6: =Adatok!O6 -> 4
A8: Nummer der Firmeneintragung
A11: =CONCATENATE(Adatok!B2," Bilanz ",Adatok!B6) -> MOGYORÓD NONPROFIT KFT Bilanz 2025.
A14: BILANZ (Aktiva)
W16: Daten in 1000 Ft
B17: Bezeichnung | U17: Vorjahr | V17: Selbstan. | W17: Bezugsjahr
A18: 01. | B18: A. Anlagevermögen (02.+09.+16.) | U18: =Merleg_m!U19 -> 437234 | V18: =Merleg_m!V19 -> #REF! | W18: =Merleg_m!X19 -> 415453
A19: 02. | B19: I. IMMATERIELLE GÜTER (03.-08. sorok) | U19: =Merleg_m!U20 -> 0 | V19: =Merleg_m!V20 -> #REF! | W19: =Merleg_m!X20 -> 0
A20: 03. | B20: 1.Rechte mit Vermögenswert | U20: =#REF! -> #REF! | V20: =#REF! -> #REF! | W20: =#REF! -> #REF!
A21: 04. | B21: 2.Goodwill oder Firmenwert | U21: =#REF! -> #REF! | V21: =#REF! -> #REF! | W21: =#REF! -> #REF!
A22: 05. | B22: 3.Geistige Produkte | U22: =#REF! -> #REF! | V22: =#REF! -> #REF! | W22: =#REF! -> #REF!
A23: 06. | B23: 4.Aktivierte Versuchsentwicklung | U23: =#REF! -> #REF! | V23: =#REF! -> #REF! | W23: =#REF! -> #REF!
A24: 07. | B24: 5.Aktivierte Gründung o. Umstellung | U24: =#REF! -> #REF! | V24: =#REF! -> #REF! | W24: =#REF! -> #REF!
A25: 08. | B25: 6.Wertberichtigung der immateriellen Vermögensgegenstände | U25: =#REF! -> #REF! | V25: =#REF! -> #REF! | W25: =#REF! -> #REF!
A26: 09. | B26: II.SACHANLAGEN (10.-15.) | U26: =Merleg_m!U21 -> 437234 | V26: =Merleg_m!V21 -> #REF! | W26: =Merleg_m!X21 -> 415453
A27: 10. | B27: 1.Immobilien | U27: =#REF! -> #REF! | V27: =#REF! -> #REF! | W27: =#REF! -> #REF!
A28: 11. | B28: 2.Produktionsmaschinen, Fahrzeuge | U28: =#REF! -> #REF! | V28: =#REF! -> #REF! | W28: =#REF! -> #REF!
A29: 12. | B29: 3.Sonstige Einrichtungen, Fahrzeuge | U29: =#REF! -> #REF! | V29: =#REF! -> #REF! | W29: =#REF! -> #REF!
A30: 13. | B30: 4.Investitionen | U30: =#REF! -> #REF! | V30: =#REF! -> #REF! | W30: =#REF! -> #REF!
A31: 14. | B31: 5.Anzahlungen für Investitionen | U31: =#REF! -> #REF! | V31: =#REF! -> #REF! | W31: =#REF! -> #REF!
A32: 15. | B32: 6.Wertberichtigung der Sachanlangen | U32: =#REF! -> #REF! | V32: =#REF! -> #REF! | W32: =#REF! -> #REF!
A33: 16. | B33: III. FINANZANLAGEN (17.-21.) | U33: =Merleg_m!U22 -> 0 | V33: =Merleg_m!V22 -> #REF! | W33: =Merleg_m!X22 -> 0
A34: 17. | B34: 1. Beteiligungen | U34: =#REF! -> #REF! | V34: =#REF! -> #REF! | W34: =#REF! -> #REF!
A35: 18. | B35: 2.Wertpapiere | U35: =#REF! -> #REF! | V35: =#REF! -> #REF! | W35: =#REF! -> #REF!
A36: 19. | B36: 3.Gewährte Kredite | U36: =#REF! -> #REF! | V36: =#REF! -> #REF! | W36: =#REF! -> #REF!
A37: 20. | B37: 4.Langfristige Bankeinlagen | U37: =#REF! -> #REF! | V37: =#REF! -> #REF! | W37: =#REF! -> #REF!
A38: 21. | B38: 5.Wertberichtigung der Finanzanlagen | U38: =#REF! -> #REF! | V38: =#REF! -> #REF! | W38: =#REF! -> #REF!
A39: 22. | B39: B . Umlaufvermögen (23.+30.+35.+39.) | U39: =Merleg_m!U23 -> 89617 | V39: =Merleg_m!V23 -> #REF! | W39: =Merleg_m!X23 -> 34259
A40: 23. | B40: I. VORRÄTE ( 24.-29.) | U40: =Merleg_m!U24 -> 1962 | V40: =Merleg_m!V24 -> #REF! | W40: =Merleg_m!X24 -> 2231
A41: 24. | B41: 1.Stoffe | U41: =#REF! -> #REF! | V41: =#REF! -> #REF! | W41: =#REF! -> #REF!
A42: 25. | B42: 2.Handelswaren | U42: =#REF! -> #REF! | V42: =#REF! -> #REF! | W42: =#REF! -> #REF!
A43: 26. | B43: 3.Anzahlungen auf Vorräte | U43: =#REF! -> #REF! | V43: =#REF! -> #REF! | W43: =#REF! -> #REF!
A44: 27. | B44: 4.Tiere | U44: =#REF! -> #REF! | V44: =#REF! -> #REF! | W44: =#REF! -> #REF!
A45: 28. | B45: 5.Unfertige und Halbfertige Produkte | U45: =#REF! -> #REF! | V45: =#REF! -> #REF! | W45: =#REF! -> #REF!
A46: 29. | B46: 6.Fertige Produkte | U46: =#REF! -> #REF! | V46: =#REF! -> #REF! | W46: =#REF! -> #REF!
A47: 30. | B47: II. FORDERUNGEN (31.-34.) | U47: =Merleg_m!U25 -> 8636 | V47: =Merleg_m!V25 -> #REF! | W47: =Merleg_m!X25 -> 2701
A48: 31. | B48: 1.Forderungen aus Lief. und Leistungen | U48: =#REF! -> #REF! | V48: =#REF! -> #REF! | W48: =#REF! -> #REF!
A49: 32. | B49: 2.Wechselforderungen | U49: =#REF! -> #REF! | V49: =#REF! -> #REF! | W49: =#REF! -> #REF!
A50: 33. | B50: 4.Forderungen gegenüber Gründer | U50: =#REF! -> #REF! | V50: =#REF! -> #REF! | W50: =#REF! -> #REF!
A51: 34. | B51: 5.Sonstige Forderungen | U51: =#REF! -> #REF! | V51: =#REF! -> #REF! | W51: =#REF! -> #REF!
A52: 35. | B52: III. WERTPAPIERE (36.-38.) | U52: =Merleg_m!U26 -> 0 | V52: =Merleg_m!V26 -> #REF! | W52: =Merleg_m!X26 -> 0
A53: 36. | B53: 1.Obligationen für Wiederverkauf | U53: =#REF! -> #REF! | V53: =#REF! -> #REF! | W53: =#REF! -> #REF!
A54: 37. | B54: 2.Eigene Aktien, Anteile für Wiederverkauf | U54: =#REF! -> #REF! | V54: =#REF! -> #REF! | W54: =#REF! -> #REF!
A55: 38. | B55: 3.Sonstige Wertpapiere | U55: =#REF! -> #REF! | V55: =#REF! -> #REF! | W55: =#REF! -> #REF!
A56: 39. | B56: IV. GELDMITTEL (40.-41.) | U56: =Merleg_m!U27 -> 79019 | V56: =Merleg_m!V27 -> #REF! | W56: =Merleg_m!X27 -> 29327
A57: 40. | B57: 1.Kassenbestand, Schecks | U57: =#REF! -> #REF! | V57: =#REF! -> #REF! | W57: =#REF! -> #REF!
A58: 41. | B58: 2.Guthaben bei Banken | U58: =#REF! -> #REF! | V58: =#REF! -> #REF! | W58: =#REF! -> #REF!
A59: 42. | B59: C. AKTIVE ABGRENZUNGEN | U59: =Merleg_m!U28 -> 28888 | V59: =Merleg_m!V28 -> 0 | W59: =Merleg_m!X28 -> 98990
U60: =#REF! -> #REF! | V60: =#REF! -> #REF! | W60: =#REF! -> #REF!
A61: 43. | B61: AKTIVA INSGESAMT ( 01.+22.+42.) | U61: =Merleg_m!U29 -> 555739 | V61: =Merleg_m!V29 -> #REF! | W61: =Merleg_m!X29 -> 548702
A65: Datum: | E65: =CONCATENATE(Adatok!B4,", ",Adatok!B11) -> Gödöllő,
Q66: PH. | U66: Leiter (Vertreter)
U67: des Unternehmers
A69: =A2 -> 1 | B69: =B2 -> 2 | C69: =C2 -> 4 | D69: =D2 -> 7 | E69: =E2 -> 2 | F69: =F2 -> 7 | G69: =G2 -> 0 | H69: =H2 -> 1 | ... Q69: =Q2 -> 3
A71: =A4 -> Statistisches Zeichen
A73: =A6 -> 1 | B73: =B6 -> 3 | C73: =C6 -> - | D73: =D6 -> 0 | E73: =E6 -> 9 | F73: =F6 -> - | G73: =G6 -> 0 | H73: =H6 -> 8 | ... L73: =L6 -> 4
A75: =A8 -> Nummer der Firmeneintragung
A78: =CONCATENATE(Adatok!B2," Bilanz ",Adatok!B6) -> MOGYORÓD NONPROFIT KFT Bilanz 2025.
A81: BILANZ (Passiva)
W83: Daten in 1000 Ft
B84: Bezeichnung | U84: Vorjahr | V84: Selbstan. | W84: Bezugsjahr
A85: 44. | B85: D. EIGENKAPITAL (45.+47.+48.+49.+50.+51.) | U85: =Merleg_m!U37 -> 51210 | V85: =Merleg_m!V37 -> 0 | W85: =Merleg_m!X37 -> 71521
A86: 45. | B86: I. GEZEICHNETES KAPITAL | U86: =Merleg_m!U38 -> 3000 | V86: =Merleg_m!V38 -> 0 | W86: =Merleg_m!X38 -> 3000
A87: 46. | B87: davon: a) Nominalwert der Zurückgekauf.Beteiligung.der Eigentümer | U87: =#REF! -> #REF! | V87: =#REF! -> #REF! | W87: =#REF! -> #REF!
A88: 47. | B88: II. GEZEICHNETES, NICHT EINGEZAHLTES KAP. | U88: =Merleg_m!U39 -> 0 | V88: =Merleg_m!V39 -> 0 | W88: =Merleg_m!X39 -> 0
A89: 48. | B89: III. KAPITALRÜCKLAGEN | U89: =Merleg_m!U40 -> 0 | V89: =Merleg_m!V40 -> 0 | W89: =Merleg_m!X40 -> 0
A90: 49. | B90: IV. GEWINNRÜCKLAGEN | U90: =Merleg_m!U41 -> 0 | V90: =Merleg_m!V41 -> 0 | W90: =Merleg_m!X41 -> 0
A91: 50. | B91: V. BEWERTUNGSRÜCKLAGE | U91: =Merleg_m!U42 -> 22416 | V91: =Merleg_m!V42 -> 0 | W91: =Merleg_m!X42 -> 48209
A92: 51. | B92: VI. BILANZGEWINN | U92: =Merleg_m!U43 -> 0 | V92: =Merleg_m!V43 -> 0 | W92: =Merleg_m!X43 -> 0
A93: 52. | B93: E. RÜCKSTELLUNGEN (53.-55.) | U93: =Merleg_m!U45 -> 25794 | V93: =Merleg_m!V45 -> 0 | W93: =Merleg_m!X45 -> 20312
A94: 53. | B94: 1.Rückstellungen für voraussehb. Verluste | U94: =#REF! -> #REF! | V94: =#REF! -> #REF! | W94: =#REF! -> #REF!
A95: 54. | B95: 2.Rückstellungen f. voraussehb. Verb. | U95: =#REF! -> #REF! | V95: =#REF! -> #REF! | W95: =#REF! -> #REF!
A96: 55. | B96: 3.Sonstige Rückstellungen | U96: =#REF! -> #REF! | V96: =#REF! -> #REF! | W96: =#REF! -> #REF!
A97: 56. | B97: F. VERBINDLICHKEITEN ( 57.+64.) | U97: =Merleg_m!U47 -> 475570 | V97: =Merleg_m!V47 -> #REF! | W97: =Merleg_m!X47 -> 450680
A98: 57. | B98: I. LANGFRISTIGE VERBINDL. (58.-63.) | U98: =Merleg_m!U49 -> 158987 | V98: =Merleg_m!V49 -> #REF! | W98: =Merleg_m!X49 -> 158987
A99: 58. | B99: 1.Investitionskredite | U99: =#REF! -> #REF! | V99: =#REF! -> #REF! | W99: =#REF! -> #REF!
A100: 59. | B100: 2.Sonstige Langfristige Kredite | U100: =#REF! -> #REF! | V100: =#REF! -> #REF! | W100: =#REF! -> #REF!
A101: 60. | B101: 3.Langfristige Anleihen | U101: =#REF! -> #REF! | V101: =#REF! -> #REF! | W101: =#REF! -> #REF!
A102: 61. | B102: 4.Verbindlichkeiten aus Obligationen | U102: =#REF! -> #REF! | V102: =#REF! -> #REF! | W102: =#REF! -> #REF!
A103: 62. | B103: 5.Verbindlichkeiten gegenüber Gründer | U103: =#REF! -> #REF! | V103: =#REF! -> #REF! | W103: =#REF! -> #REF!
A104: 63. | B104: 6.Sonstige langfristige Verbindlichkeiten | U104: =#REF! -> #REF! | V104: =#REF! -> #REF! | W104: =#REF! -> #REF!
A105: 64. | B105: II. KURZFRISTIGE VERB. (65.-70.) | U105: =Merleg_m!U50 -> 316583 | V105: =Merleg_m!V50 -> #REF! | W105: =Merleg_m!X50 -> 291693
A106: 65. | B106: 1.Anzahlungen von Käufern | U106: =#REF! -> #REF! | V106: =#REF! -> #REF! | W106: =#REF! -> #REF!
A107: 66. | B107: 2.Verb. aus Lieferungen u. Leistungen | U107: =#REF! -> #REF! | V107: =#REF! -> #REF! | W107: =#REF! -> #REF!
A108: 67. | B108: 3.Wechselschulden | U108: =#REF! -> #REF! | V108: =#REF! -> #REF! | W108: =#REF! -> #REF!
A109: 68. | B109: 4.Kurzfristige Kredite | U109: =#REF! -> #REF! | V109: =#REF! -> #REF! | W109: =#REF! -> #REF!
A110: 69. | B110: 5.Kurzfristige Anleihen | U110: =#REF! -> #REF! | V110: =#REF! -> #REF! | W110: =#REF! -> #REF!
A111: 70. | B111: 6.Sonstige kurzfristige Verbindlichkeiten | U111: =#REF! -> #REF! | V111: =#REF! -> #REF! | W111: =#REF! -> #REF!
A112: 71. | B112: G. PASSIVE ABGRENZUNGEN | U112: =Merleg_m!U51 -> 28959 | V112: =Merleg_m!V51 -> 0 | W112: =Merleg_m!X51 -> 26501
U113: =#REF! -> #REF! | V113: =#REF! -> #REF! | W113: =#REF! -> #REF!
A114: 72. | B114: PASSIVA INSGESAMT (44.+52.+56.+71.) | U114: =Merleg_m!U52 -> 555739 | V114: =Merleg_m!V52 -> #REF! | W114: =Merleg_m!X52 -> 548702
A118: Datum: | E118: =CONCATENATE(Adatok!B4,", ",Adatok!B11) -> Gödöllő,
Q119: PH. | U119: Leiter (Vertreter)
U120: des Unternehmers
A132: =A2 -> 1 | B132: =B2 -> 2 | C132: =C2 -> 4 | D132: =D2 -> 7 | E132: =E2 -> 2 | F132: =F2 -> 7 | G132: =G2 -> 0 | H132: =H2 -> 1 | ... Q132: =Q2 -> 3
A134: =A4 -> Statistisches Zeichen
A136: =A6 -> 1 | B136: =B6 -> 3 | C136: =C6 -> - | D136: =D6 -> 0 | E136: =E6 -> 9 | F136: =F6 -> - | G136: =G6 -> 0 | H136: =H6 -> 8 | ... L136: =L6 -> 4
A138: =A8 -> Nummer der Firmeneintragung
...

Sheet Merleg_a
A2: =Adatok!D2 -> 1 | B2: =Adatok!E2 -> 2 | C2: =Adatok!F2 -> 4 | D2: =Adatok!G2 -> 7 | E2: =Adatok!H2 -> 2 | F2: =Adatok!I2 -> 7 | G2: =Adatok!J2 -> 0 | H2: =Adatok!K2 -> 1 | ... Q2: =Adatok!T2 -> 3
A4: Statistical Code
A6: =Adatok!D6 -> 1 | B6: =Adatok!E6 -> 3 | C6: =Adatok!F6 -> - | D6: =Adatok!G6 -> 0 | E6: =Adatok!H6 -> 9 | F6: =Adatok!I6 -> - | G6: =Adatok!J6 -> 0 | H6: =Adatok!K6 -> 8 | ... L6: =Adatok!O6 -> 4
A8: Registration Number
A11: =CONCATENATE("The ",Adatok!B6," Financial Statement of ",Adatok!B2) -> The 2025. Financial Statement of MOGYORÓD NONPROFIT KFT
A14: Assets
W16: thousand Ft
B17: Item | U17: Previous Year | V17: Self-revision | W17: Target Year
A18: 01. | B18: A. Fixed assets (02.+09.+16.) | U18: =Merleg_m!U19 -> 437234 | V18: =Merleg_m!V19 -> #REF! | W18: =Merleg_m!X19 -> 415453
A19: 02. | B19: I. INTANGIBLE ASSETS (03.-08.) | U19: =Merleg_m!U20 -> 0 | V19: =Merleg_m!V20 -> #REF! | W19: =Merleg_m!X20 -> 0
A20: 03. | B20: 1.Rights representing money or monies worth | U20: =#REF! -> #REF! | V20: =#REF! -> #REF! | W20: =#REF! -> #REF!
A21: 04. | B21: 2.Goodwill | U21: =#REF! -> #REF! | V21: =#REF! -> #REF! | W21: =#REF! -> #REF!
A22: 05. | B22: 3.Intellectual property | U22: =#REF! -> #REF! | V22: =#REF! -> #REF! | W22: =#REF! -> #REF!
A23: 06. | B23: 4.Capitalized value of research and development | U23: =#REF! -> #REF! | V23: =#REF! -> #REF! | W23: =#REF! -> #REF!
A24: 07. | B24: 5.Capitalized value of original contribution/restructuring | U24: =#REF! -> #REF! | V24: =#REF! -> #REF! | W24: =#REF! -> #REF!
A25: 08. | B25: 6.Value adjustment of intangible assets | U25: =#REF! -> #REF! | V25: =#REF! -> #REF! | W25: =#REF! -> #REF!
A26: 09. | B26: II. TANGIBLE ASSETS (10.-15. ) | U26: =Merleg_m!U21 -> 437234 | V26: =Merleg_m!V21 -> #REF! | W26: =Merleg_m!X21 -> 415453
A27: 10. | B27: 1.Real property | U27: =#REF! -> #REF! | V27: =#REF! -> #REF! | W27: =#REF! -> #REF!
A28: 11. | B28: 2.Technical equipment, machinery, vehicles | U28: =#REF! -> #REF! | V28: =#REF! -> #REF! | W28: =#REF! -> #REF!
A29: 12. | B29: 3.Other equipment and fittings | U29: =#REF! -> #REF! | V29: =#REF! -> #REF! | W29: =#REF! -> #REF!
A30: 13. | B30: 4.Investments | U30: =#REF! -> #REF! | V30: =#REF! -> #REF! | W30: =#REF! -> #REF!
A31: 14. | B31: 5.Advance payments made towards investments | U31: =#REF! -> #REF! | V31: =#REF! -> #REF! | W31: =#REF! -> #REF!
A32: 15. | B32: 6.Value adjustment of tangible assets | U32: =#REF! -> #REF! | V32: =#REF! -> #REF! | W32: =#REF! -> #REF!
A33: 16. | B33: III. FINANCIAL INVESTMENTS (17.-21.) | U33: =Merleg_m!U22 -> 0 | V33: =Merleg_m!V22 -> #REF! | W33: =Merleg_m!X22 -> 0
A34: 17. | B34: 1.Shares | U34: =#REF! -> #REF! | V34: =#REF! -> #REF! | W34: =#REF! -> #REF!
A35: 18. | B35: 2.Securities | U35: =#REF! -> #REF! | V35: =#REF! -> #REF! | W35: =#REF! -> #REF!
A36: 19. | B36: 3.Loans | U36: =#REF! -> #REF! | V36: =#REF! -> #REF! | W36: =#REF! -> #REF!
A37: 20. | B37: 4.Long term bank deposits | U37: =#REF! -> #REF! | V37: =#REF! -> #REF! | W37: =#REF! -> #REF!
A38: 21. | B38: 5.Value adjustment of financial investments | U38: =#REF! -> #REF! | V38: =#REF! -> #REF! | W38: =#REF! -> #REF!
A39: 22. | B39: B. Current assets (23.+30.+35.+39.) | U39: =Merleg_m!U23 -> 89617 | V39: =Merleg_m!V23 -> #REF! | W39: =Merleg_m!X23 -> 34259
A40: 23. | B40: I. INVENTORIES (24.-29.) | U40: =Merleg_m!U24 -> 1962 | V40: =Merleg_m!V24 -> #REF! | W40: =Merleg_m!X24 -> 2231
A41: 24. | B41: 1.Raw materials | U41: =#REF! -> #REF! | V41: =#REF! -> #REF! | W41: =#REF! -> #REF!
A42: 25. | B42: 2.Goods | U42: =#REF! -> #REF! | V42: =#REF! -> #REF! | W42: =#REF! -> #REF!
A43: 26. | B43: 3.Advence payments made towards inventories | U43: =#REF! -> #REF! | V43: =#REF! -> #REF! | W43: =#REF! -> #REF!
A44: 27. | B44: 4.Livestock | U44: =#REF! -> #REF! | V44: =#REF! -> #REF! | W44: =#REF! -> #REF!
A45: 28. | B45: 5.Work in progress | U45: =#REF! -> #REF! | V45: =#REF! -> #REF! | W45: =#REF! -> #REF!
A46: 29. | B46: 6.Finished products | U46: =#REF! -> #REF! | V46: =#REF! -> #REF! | W46: =#REF! -> #REF!
A47: 30. | B47: II. RECEIVABLES (31.-34.) | U47: =Merleg_m!U25 -> 8636 | V47: =Merleg_m!V25 -> #REF! | W47: =Merleg_m!X25 -> 2701
A48: 31. | B48: 1.Accounts Receivable from supply of goods and services (purchasers) | U48: =#REF! -> #REF! | V48: =#REF! -> #REF! | W48: =#REF! -> #REF!
A49: 32. | B49: 2.Draft receivables | U49: =#REF! -> #REF! | V49: =#REF! -> #REF! | W49: =#REF! -> #REF!
A50: 33. | B50: 4.Claims against founding members | U50: =#REF! -> #REF! | V50: =#REF! -> #REF! | W50: =#REF! -> #REF!
A51: 34. | B51: 5.Other receivables | U51: =#REF! -> #REF! | V51: =#REF! -> #REF! | W51: =#REF! -> #REF!
A52: 35. | B52: III. SECURITIES (36.-38. ) | U52: =Merleg_m!U26 -> 0 | V52: =Merleg_m!V26 -> #REF! | W52: =Merleg_m!X26 -> 0
A53: 36. | B53: 1.Bonds bought for sale | U53: =#REF! -> #REF! | V53: =#REF! -> #REF! | W53: =#REF! -> #REF!
A54: 37. | B54: 2.Own shares, share quotas, shares bought for sale | U54: =#REF! -> #REF! | V54: =#REF! -> #REF! | W54: =#REF! -> #REF!
A55: 38. | B55: 3.Other securities | U55: =#REF! -> #REF! | V55: =#REF! -> #REF! | W55: =#REF! -> #REF!
A56: 39. | B56: IV. LIQUID ASSETS (40.-41.) | U56: =Merleg_m!U27 -> 79019 | V56: =Merleg_m!V27 -> #REF! | W56: =Merleg_m!X27 -> 29327
A57: 40. | B57: 1.Cash, cheques | U57: =#REF! -> #REF! | V57: =#REF! -> #REF! | W57: =#REF! -> #REF!
A58: 41. | B58: 2.Bank deposits | U58: =#REF! -> #REF! | V58: =#REF! -> #REF! | W58: =#REF! -> #REF!
A59: 42. | B59: C. Pre-paid expenses | U59: =Merleg_m!U28 -> 28888 | V59: =Merleg_m!V28 -> 0 | W59: =Merleg_m!X28 -> 98990
U60: =#REF! -> #REF! | V60: =#REF! -> #REF! | W60: =#REF! -> #REF!
A61: 43. | B61: ASSETS TOTAL (01.+22.+42.) | U61: =Merleg_m!U29 -> 555739 | V61: =Merleg_m!V29 -> #REF! | W61: =Merleg_m!X29 -> 548702
A63: Liabilities
W65: thousand Ft
B66: Item | U66: Previous Year | V66: Self-revision | W66: Target Year
A67: 44. | B67: D. OWN EQUITY (45+47.+48.+49.+50.+51.) | U67: =Merleg_m!U37 -> 51210 | V67: =Merleg_m!V37 -> 0 | W67: =Merleg_m!X37 -> 71521
A68: 45. | B68: I. ISSUED CAPITAL | U68: =Merleg_m!U38 -> 3000 | V68: =Merleg_m!V38 -> 0 | W68: =Merleg_m!X38 -> 3000
A69: 46. | B69: from these: a) nominal value of owners' shares bought back | U69: =#REF! -> #REF! | V69: =#REF! -> #REF! | W69: =#REF! -> #REF!
A70: 47. | B70: II. UNPAID ISSUED CAPITAL (-) | U70: =Merleg_m!U39 -> 0 | V70: =Merleg_m!V39 -> 0 | W70: =Merleg_m!X39 -> 0
A71: 48. | B71: III. CAPITAL RESERVE | U71: =Merleg_m!U40 -> 0 | V71: =Merleg_m!V40 -> 0 | W71: =Merleg_m!X40 -> 0
A72: 49. | B72: IV. ACCUMULATED PROFIT RESERVE | U72: =Merleg_m!U41 -> 0 | V72: =Merleg_m!V41 -> 0 | W72: =Merleg_m!X41 -> 0
A73: 50. | B73: V. VALUATION RESERVE | U73: =Merleg_m!U42 -> 22416 | V73: =Merleg_m!V42 -> 0 | W73: =Merleg_m!X42 -> 48209
A74: 51. | B74: VI. BALANCE SHEET PROFIT FIGURE | U74: =Merleg_m!U44 -> 0 | V74: =Merleg_m!V43 -> 0 | W74: =Merleg_m!X44 -> 0
A75: 52. | B75: E. Provisions (53.-55. ) | U75: =Merleg_m!U45 -> 25794 | V75: =Merleg_m!V45 -> 0 | W75: =Merleg_m!X45 -> 20312
A76: 53. | B76: 1. Provision for expected losses | U76: =#REF! -> #REF! | V76: =#REF! -> #REF! | W76: =#REF! -> #REF!
A77: 54. | B77: 2. Provision for expected obligations | U77: =#REF! -> #REF! | V77: =#REF! -> #REF! | W77: =#REF! -> #REF!
A78: 55. | B78: 3. Other provisions | U78: =#REF! -> #REF! | V78: =#REF! -> #REF! | W78: =#REF! -> #REF!
A79: 56. | B79: F. Liabilities (57.+64. ) | U79: =Merleg_m!U47 -> 475570 | V79: =Merleg_m!V47 -> #REF! | W79: =Merleg_m!X47 -> 450680
A80: 57. | B80: I. LONG TERM LIABILITIES (58.-63.) | U80: =Merleg_m!U49 -> 158987 | V80: =Merleg_m!V49 -> #REF! | W80: =Merleg_m!X49 -> 158987
A81: 58. | B81: 1. Investment and development credits | U81: =#REF! -> #REF! | V81: =#REF! -> #REF! | W81: =#REF! -> #REF!
A82: 59. | B82: 2.Other long term credits | U82: =#REF! -> #REF! | V82: =#REF! -> #REF! | W82: =#REF! -> #REF!
A83: 60. | B83: 3.Long term loans | U83: =#REF! -> #REF! | V83: =#REF! -> #REF! | W83: =#REF! -> #REF!
A84: 61. | B84: 4.Debts on the issue of bonds | U84: =#REF! -> #REF! | V84: =#REF! -> #REF! | W84: =#REF! -> #REF!
A85: 62. | B85: 5.Obligations to founders | U85: =#REF! -> #REF! | V85: =#REF! -> #REF! | W85: =#REF! -> #REF!
A86: 63. | B86: 6.Other long term liabilities | U86: =#REF! -> #REF! | V86: =#REF! -> #REF! | W86: =#REF! -> #REF!
A87: 64. | B87: II. SHORT-TERM LIABILITIES (65.-70. ) | U87: =Merleg_m!U50 -> 316583 | V87: =Merleg_m!V50 -> #REF! | W87: =Merleg_m!X50 -> 291693
A88: 65. | B88: 1. Advance payments received from purchasers | U88: =#REF! -> #REF! | V88: =#REF! -> #REF! | W88: =#REF! -> #REF!
A89: 66. | B89: 2.Creditors (from purchse of goods and services from suppliers) | U89: =#REF! -> #REF! | V89: =#REF! -> #REF! | W89: =#REF! -> #REF!
A90: 67. | B90: 3.Overdraft debts | U90: =#REF! -> #REF! | V90: =#REF! -> #REF! | W90: =#REF! -> #REF!
A91: 68. | B91: 4.Short term credits | U91: =#REF! -> #REF! | V91: =#REF! -> #REF! | W91: =#REF! -> #REF!
A92: 69. | B92: 5.Short term loans | U92: =#REF! -> #REF! | V92: =#REF! -> #REF! | W92: =#REF! -> #REF!
A93: 70. | B93: 6.Other short term liabilities | U93: =#REF! -> #REF! | V93: =#REF! -> #REF! | W93: =#REF! -> #REF!
A94: 71. | B94: G. Accrued expenses | U94: =Merleg_m!U51 -> 28959 | V94: =Merleg_m!V51 -> 0 | W94: =Merleg_m!X51 -> 26501
U95: =#REF! -> #REF! | V95: =#REF! -> #REF! | W95: =#REF! -> #REF!
A96: 72. | B96: LIABILITIES (44.+52.+56.+71.) | U96: =Merleg_m!U52 -> 555739 | V96: =Merleg_m!V52 -> #REF! | W96: =Merleg_m!X52 -> 548702
A100: Date: | E100: GÖDÖLLŐ, 21.07.2008.
Q101: PH. | U101: Director (representative)
U102: of company
A105: =A2 -> 1 | B105: =B2 -> 2 | C105: =C2 -> 4 | D105: =D2 -> 7 | E105: =E2 -> 2 | F105: =F2 -> 7 | G105: =G2 -> 0 | H105: =H2 -> 1 | ... Q105: =Q2 -> 3
A107: =A4 -> Statistical Code
A109: =A6 -> 1 | B109: =B6 -> 3 | C109: =C6 -> - | D109: =D6 -> 0 | E109: =E6 -> 9 | F109: =F6 -> - | G109: =G6 -> 0 | H109: =H6 -> 8 | ... L109: =L6 -> 4
A111: =A8 -> Registration Number
A114: =CONCATENATE("The ",Adatok!B6," Profit and Loss Statement of ",Adatok!B2) -> The 2025. Profit and Loss Statement of MOGYORÓD NONPROFIT KFT
A117: "A"
A118: ( by total costs method )
W119: thousand Ft
B120: Item | U120: Previous Year | V120: Self-revision | W120: Target Year
A121: 1 | B121: Net domestic sales revenues | U121: =#REF! -> #REF! | V121: =#REF! -> #REF! | W121: =#REF! -> #REF!
A122: 2 | B122: Net export sales revenues | U122: =#REF! -> #REF! | V122: =#REF! -> #REF! | W122: =#REF! -> #REF!
A123: I. | B123: Net Sales Revenues (01.+02.) | U123: =Merleg_m!U83 -> 200198 | V123: =Merleg_m!V83 -> #REF! | W123: =Merleg_m!X83 -> 106762
...

Sheet Mutato_m
A4: =Adatok!B2 -> MOGYORÓD NONPROFIT KFT
A6: A VAGYONI HELYZET ÉS A TŐKESZERKEZET MUTATÓI
A8: =CONCATENATE(Adatok!B6,". év") -> 2025.. év
A11: MUTATÓ MEGNEVEZÉS | C11: MUTATÓ SZÁMÍTÁSA | F11: MÉRLEG HIVATKOZÁS | H11: ELŐZŐ ÉV | I11: TÁRGY ÉV
A13: Befektetett eszközök | C13: Saját tőke | F13: D | H13: =IF(Merleg_m!U19=0,"",Merleg_m!U37/Merleg_m!U19) -> 0.11712264 | I13: =IF(Merleg_m!X19=0,"",Merleg_m!X37/Merleg_m!X19) -> 0.17215184
A14: fedezettsége | C14: Befektetett eszközök | F14: A
A16: Tárgyi eszközök fedezettsége | C16: Saját tőke | F16: D | H16: =IF(Merleg_m!U21=0,"",Merleg_m!U37/Merleg_m!U21) -> 0.11712264 | I16: =IF(Merleg_m!X21=0,"",Merleg_m!X37/Merleg_m!X21) -> 0.17215184
C17: Tárgyi eszközök | F17: AII
A19: Befektetett eszközök aránya | C19: Befektetett eszköz | F19: A | H19: =IF(Merleg_m!U19+Merleg_m!U23+Merleg_m!U28=0,"",Merleg_m!U19/(Merleg_m!U19+Merleg_m!U23+Merleg_m!U28)) -> 0.78676141 | I19: =IF(Merleg_m!X19+Merleg_m!X23+Merleg_m!X28=0,"",Merleg_m!X19/(Merleg_m!X19+Merleg_m!X23+Merleg_m!X28)) -> 0.75715598
C20: Összes eszköz | F20: A+B+C
A22: Saját tőke aránya I. | C22: Saját tőke | F22: D | H22: =+Merleg_m!U37/Merleg_m!U52 -> 0.092147573 | I22: =+Merleg_m!X37/Merleg_m!X52 -> 0.1303458
C23: Összes forrás | F23: D+E+F+G
A25: Tőkeszerkeszeti mutató I. | C25: Kötelezettségek | F25: F | H25: =IF(Merleg_m!U37=0,"",Merleg_m!U47/Merleg_m!U37) -> 9.2866628 | I25: =IF(Merleg_m!X37=0,"",Merleg_m!X47/Merleg_m!X37) -> 6.301366
C26: Saját tőke | F26: D
A28: Tőkeszerkezeti mutató II. | C28: Rövid lejáratú köt. | F28: FII | H28: =IF(Merleg_m!U37=0,"",Merleg_m!U50/Merleg_m!U37) -> 6.1820543 | I28: =IF(Merleg_m!X37=0,"",Merleg_m!X50/Merleg_m!X37) -> 4.0784245
C29: Saját tőke | F29: D
A36: =Adatok!B2 -> MOGYORÓD NONPROFIT KFT
A38: A PÉNZÜGYI HELYZET RÖVIDTÁVÚ MUTATÓI
A40: =CONCATENATE(Adatok!B6,". év") -> 2025.. év
A42: MUTATÓ MEGNEVEZÉS | C42: MUTATÓ SZÁMÍTÁSA | F42: MÉRLEG HIVATKOZÁS | H42: ELŐZŐ ÉV | I42: TÁRGY ÉV
A44: Likviditási mutató | C44: Forgóeszközök | F44: B | H44: =IF(Merleg_m!U47=0,"",Merleg_m!U23/Merleg_m!U47) -> 0.18844124 | I44: =IF(Merleg_m!X47=0,"",Merleg_m!X23/Merleg_m!X47) -> 0.076016242
C45: Kötelezettségek | F45: F
A47: Rövid távú likviditás I. | C47: Forgóeszközök | F47: B | H47: =IF(Merleg_m!U50=0,"",Merleg_m!U23/Merleg_m!U50) -> 0.28307584 | I47: =IF(Merleg_m!X50=0,"",Merleg_m!X23/Merleg_m!X50) -> 0.11744882
C48: Rövid lejáratú köt. | F48: FII
A50: Rövid távú likviditás II. | C50: Forgóeszk-követ. | F50: B-BII. | H50: =IF(Merleg_m!U50=0,"",(Merleg_m!U23-Merleg_m!U25)/Merleg_m!U50) -> 0.25579706 | I50: =IF(Merleg_m!X50=0,"",(Merleg_m!X23-Merleg_m!X25)/Merleg_m!X50) -> 0.10818909
C51: Rövid lejáratú köt. | F51: FII.
A53: Rövid távú likviditás III. | C53: Pénzeszközök + ért.pap. | F53: BIV.+BIII. | H53: =IF(Merleg_m!U50=0,"",(Merleg_m!U27+Merleg_m!U26)/Merleg_m!U50) -> 0.24959963 | I53: =IF(Merleg_m!X50=0,"",(Merleg_m!X27+Merleg_m!X26)/Merleg_m!X50) -> 0.10054064
C54: Rövid lejáratú köt. | F54: FII.
A56: Kintlevőségek átlagos | C56: Átlagos vevőáll. | F56: (BII.1.c+BII.1.d)*(365/2/)
A57: időtartama, nap | C57: Árbevétel | F57: Er. I.
A59: Szállítói kötelezettségek | C59: Átlagos száll.áll. | F59: (FII.2.c+FII.2.d)*(365/2/)
A60: átlagos időtartama, nap | C60: Anyagjellegű ráford. | F60: Er. IV.
A62: Vevők és szállítók aránya | C62: Vevők | F62: B II. 1.
C63: Szállítók | F63: F II. 2.
A65: A készletek fordulatszáma | C65: Nettó árbevétel | F65: B. I.c.+B.I.d. | H65: =IF((Merleg_m!U24+Adatok!M15)/2=0,"",Merleg_m!U83/((Merleg_m!U24+Adatok!M15)/2)) -> 204.07543 | I65: =IF((Merleg_m!X24+Merleg_m!U24)/2=0,"",Merleg_m!X83/((Merleg_m!X24+Merleg_m!U24)/2)) -> 50.923921
C66: Átlagos készletek | F66: 2
A74: =Adatok!B2 -> MOGYORÓD NONPROFIT KFT
A76: AZ EREDMÉNY ÉS A JÖVEDELMEZŐSÉG ALAKULÁSA
A78: =CONCATENATE(Adatok!B6,". év") -> 2025.. év
I80: adatok eFt-ban
A81: AZ EREDMÉNY FŐBB ÖSSZETEVŐI | H81: ELŐZŐ ÉV | I81: TÁRGY ÉV
A83: Üzemi tevékenység eredménye | H83: =Merleg_m!U92 -> 25802 | I83: =+Merleg_m!X92 -> 20315
A85: Pénzügyi műveletek eredménye | H85: =Merleg_m!U95 -> 0 | I85: =+Merleg_m!X95 -> 0
A87: Adózás előtti eredmény összesen | H87: =Merleg_m!U96 -> 25802 | I87: =+Merleg_m!X96 -> 20315
A89: Adózott eredmény | H89: =Merleg_m!U98 -> 25794 | I89: =+Merleg_m!X98 -> 20312
A96: MUTATÓ MEGNEVEZÉS | C96: MUTATÓ SZÁMÍTÁSA | F96: MÉRLEG HIVATKOZÁS | H96: ELŐZŐ ÉV | I96: TÁRGY ÉV
A98: Árbevétel arányos üzemi eredmény | C98: Üzemi eredmény | F98: Er. A | H98: =IF(Merleg_m!U83=0,"",Merleg_m!U92/Merleg_m!U83) -> 0.12888241 | I98: =+Merleg_m!X92/Merleg_m!X83 -> 0.19028306
C99: Nettó árbevétel | F99: Er. I.
A101: Tőkearányos eredmény | C101: Üzemi eredmény | F101: Er. A | H101: =IF(Merleg_m!U37=0,"",Merleg_m!U92/Merleg_m!U37) -> 0.5038469 | I101: =+Merleg_m!X92/Merleg_m!X37 -> 0.28404245
C102: Saját tőke | F102: D
A104: Eszközhatékonyság | C104: Üzemi eredmény | F104: Er. A | H104: =IF(Merleg_m!U29=0,"",Merleg_m!U92/Merleg_m!U29) -> 0.046428269 | I104: =+Merleg_m!X92/Merleg_m!X29 -> 0.03702374
C105: Összes eszköz | F105: A+B+C
A112: =Adatok!B2 -> MOGYORÓD NONPROFIT KFT
A114: A KÖLTSÉGSZERKEZET ALAKULÁSA ("A")
A116: =CONCATENATE(Adatok!B6,". év") -> 2025.. év
A119: Megnevezés | C119: Előző év | G119: Tárgyév
C120: ezer Ft | D120: % | G120: ezer Ft | I120: %
A121: Nettó árbevétel | C121: =Merleg_m!U83 -> 200198 | D121: - | G121: =Merleg_m!X83 -> 106762 | I121: -
A122: Saját előállítású eszközök aktivált értéke | C122: =+Merleg_m!U84 -> 3217 | D122: - | I122: -
A123: Saját termelésű készletek állományváltozása | C123: =+Merleg_m!U84 -> 3217 | D123: - | G123: =+Merleg_m!X84 -> 0 | I123: -
A124: Bruttó árbevétel (termelési érték) | C124: =SUM(C121:C123) -> 206632 | D124: - | G124: =SUM(G121:G123) -> 106762 | I124: -
A125: Egyéb bevétel | C125: =Merleg_m!U85 -> 260453 | D125: - | G125: =Merleg_m!X85+Merleg_m!V85 -> 146947 | I125: -
A126: Összes árbevétel | C126: =SUM(C124:C125) -> 467085 | D126: 1 | G126: =SUM(G124:G125) -> 253709 | I126: 1
A127: Anyagköltség | C127: 0 | D127: =IF(C126=0,"",C127/C126) -> 0 | G127: 0 | H127: 0 | I127: =IF(G126=0,"",G127/G126) -> 0
A128: Anyagjellegű szolgáltatások | C128: 0 | D128: =IF(C126=0,"",C128/C126) -> 0 | G128: 0 | I128: =IF(G126=0,"",G128/G126) -> 0
A129: Eladott áruk beszerzési értéke | C129: =+Merleg_m!U87 -> 140665 | D129: =IF(C126=0,"",C129/C126) -> 0.30115504 | G129: =+Merleg_m!X87 -> 81655 | I129: =IF(G126=0,"",G129/G126) -> 0.32184511
A130: Alvállalkozói teljesítmények | C130: 0 | D130: =IF(C126=0,"",C130/C126) -> 0 | G130: 0 | I130: =IF(G126=0,"",G130/G126) -> 0
A131: Anyagjellegű ráfordítások összesen | C131: =+Merleg_m!U87 -> 140665 | D131: =IF(C126=0,"",C131/C126) -> 0.30115504 | G131: =+Merleg_m!X87 -> 81655 | I131: =IF(G126=0,"",G131/G126) -> 0.32184511
A132: Bérköltség | C132: =+Merleg_m!U88 -> 249253 | D132: =IF(C126=0,"",C132/C126) -> 0.53363521 | G132: =+Merleg_m!X88 -> 123753 | I132: =IF(G126=0,"",G132/G126) -> 0.48777536
A133: Személyi jellegű egyéb kifizetések | C133: 0 | D133: =IF(C126=0,"",C133/C126) -> 0 | G133: 0 | I133: =IF(G126=0,"",G133/G126) -> 0
A134: Társadalombiztosítási járulék | C134: 0 | D134: =IF(C126=0,"",C134/C126) -> 0 | G134: 0 | I134: =IF(G126=0,"",G134/G126) -> 0
A135: Személyi jellegű ráfordítások összesen | C135: =Merleg_m!U88 -> 249253 | D135: =IF(C126=0,"",C135/C126) -> 0.53363521 | G135: =Merleg_m!X88 -> 123753 | I135: =IF(G126=0,"",G135/G126) -> 0.48777536
A136: Értékcsökkenési leírás | C136: =Merleg_m!U89 -> 30456 | D136: =IF(C126=0,"",C136/C126) -> 0.065204406 | G136: =Merleg_m!X89+Merleg_m!V89 -> 21781 | I136: =IF(G126=0,"",G136/G126) -> 0.085850325
A137: Egyéb ráfordítások | C137: =+Merleg_m!U90 -> 17692 | D137: =IF(C126=0,"",C137/C126) -> 0.037877474 | G137: =+Merleg_m!X90 -> 6206 | I137: =IF(G126=0,"",G137/G126) -> 0.024461095
A138: Összes költség és ráfordítás | C138: =SUM(C131,C135:C137) -> 438066 | D138: =IF(C126=0,"",C138/C126) -> 0.93787212 | G138: =SUM(G131,G135:G137) -> 233395 | I138: =IF(G126=0,"",G138/G126) -> 0.91993189
A139: Üzemi (üzleti) tevékenység eredménye | C139: =Merleg_m!U92 -> 25802 | D139: =IF(C126=0,"",C139/C126) -> 0.055240481 | G139: =Merleg_m!X92 -> 20315 | I139: =IF(G126=0,"",G139/G126) -> 0.080072051

Sheet Mutato_n
A4: =Adatok!B2 -> MOGYORÓD NONPROFIT KFT
A6: KENNZAHLEN DER VERMÖGENSLAGE UND DER KAPITALSTRUKTUR
A8: =Adatok!B6 -> 2025.
I10: Daten in 1000 Ft
A11: BEZEICHNUNG | C11: BERECHNUNG | F11: BILANZ POSTEN | H11: VORJAHR | I11: BEZUGSJAHR
A13: Deckung | C13: Eigenkapital | F13: D | H13: =IF(Merleg_m!U19=0,"",Merleg_m!U37/Merleg_m!U19) -> 0.11712264 | I13: =IF(Merleg_m!X19=0,"",Merleg_m!X37/Merleg_m!X19) -> 0.17215184
A14: des Anlagevermögens | C14: Anlagevermögen | F14: A | H14: =IF(#REF!=0,"",#REF!/#REF!) -> #REF! | I14: =IF(#REF!=0,"",#REF!/#REF!) -> #REF!
A16: Deckung der Sachanlagen | C16: Eigenkapital | F16: D | H16: =IF(Merleg_m!U21=0,"",Merleg_m!U37/Merleg_m!U21) -> 0.11712264 | I16: =IF(Merleg_m!X21=0,"",Merleg_m!X37/Merleg_m!X21) -> 0.17215184
C17: Sachanlagen | F17: AII | H17: =IF(#REF!=0,"",#REF!/#REF!) -> #REF! | I17: =IF(#REF!=0,"",#REF!/#REF!) -> #REF!
A19: Anteil der Sachanlagen | C19: Anlagevermögen | F19: A | H19: =IF(Merleg_m!U19+Merleg_m!U23+Merleg_m!U28=0,"",Merleg_m!U19/(Merleg_m!U19+Merleg_m!U23+Merleg_m!U28)) -> 0.78676141 | I19: =IF(Merleg_m!X19+Merleg_m!X23+Merleg_m!X28=0,"",Merleg_m!X19/(Merleg_m!X19+Merleg_m!X23+Merleg_m!X28)) -> 0.75715598
C20: Aktiva | F20: A+B+C | H20: =IF((#REF!+#REF!+#REF!)=0,"",#REF!/(#REF!+#REF!+#REF!)) -> #REF! | I20: =IF((#REF!+#REF!+#REF!)=0,"",#REF!/(#REF!+#REF!+#REF!)) -> #REF!
A22: Anteil des Eigenkapitals | C22: Eigenkapital | F22: D | H22: =IF(Merleg_m!U37+Merleg_m!U45+Merleg_m!U47+Merleg_m!U51=0,"",Merleg_m!U37/(Merleg_m!U37+Merleg_m!U45+Merleg_m!U47+Merleg_m!U51)) -> 0.088060351 | I22: =IF(Merleg_m!X37+Merleg_m!X45+Merleg_m!X47+Merleg_m!X51=0,"",Merleg_m!X37/(Merleg_m!X37+Merleg_m!X45+Merleg_m!X47+Merleg_m!X51)) -> 0.12569287
C23: Passiva | F23: D+E+F+G | H23: =IF((#REF!+#REF!+#REF!+#REF!)=0,"",#REF!/(#REF!+#REF!+#REF!+#REF!)) -> #REF! | I23: =IF((#REF!+#REF!+#REF!+#REF!)=0,"",#REF!/(#REF!+#REF!+#REF!+#REF!)) -> #REF!
A25: Kapitalstruktur I. | C25: Verbindlichkeiten | F25: F | H25: =IF(Merleg_m!U37=0,"",Merleg_m!U47/Merleg_m!U37) -> 9.2866628 | I25: =IF(Merleg_m!X37=0,"",Merleg_m!X47/Merleg_m!X37) -> 6.301366
C26: Eigenkapital | F26: D | H26: =IF(#REF!=0,"",#REF!/#REF!) -> #REF! | I26: =IF(#REF!=0,"",#REF!/#REF!) -> #REF!
A28: Kapitalstruktur II. | C28: Kurzfr. Verbind. | F28: FII | H28: =IF(Merleg_m!U37=0,"",Merleg_m!U50/Merleg_m!U37) -> 6.1820543 | I28: =IF(Merleg_m!X37=0,"",Merleg_m!X50/Merleg_m!X37) -> 4.0784245
C29: Eigenkapital | F29: D | H29: =IF(#REF!=0,"",#REF!/#REF!) -> #REF! | I29: =IF(#REF!=0,"",#REF!/#REF!) -> #REF!
A36: =Adatok!B2 -> MOGYORÓD NONPROFIT KFT
A38: KENNZAHLEN DER FINANZLAGE
A40: =Adatok!B6 -> 2025.
I41: Daten in 1000 Ft
A42: BEZEICHNUNG | C42: BERECHNUNG | F42: BILANZ POSTEN | H42: VORJAHR | I42: BEZUGSJAHR
A44: Liquidität I. | C44: Umlaufvermögen | F44: B | H44: =IF(Merleg_m!U47=0,"",Merleg_m!U23/Merleg_m!U47) -> 0.18844124 | I44: =IF(Merleg_m!X47=0,"",Merleg_m!X23/Merleg_m!X47) -> 0.076016242
C45: Verbindlichkeiten | F45: F
A47: Liquidität II. | C47: Umlaufvermögen | F47: B | H47: =IF(Merleg_m!U50=0,"",Merleg_m!U23/Merleg_m!U50) -> 0.28307584 | I47: =IF(Merleg_m!X50=0,"",Merleg_m!X23/Merleg_m!X50) -> 0.11744882
C48: Kurzfr. Verbindlichk. | F48: FII
A50: Liquidität III. | C50: Umlaufverm.-Ford. | F50: B-BII. | H50: =IF(Merleg_m!U50=0,"",(Merleg_m!U23-Merleg_m!U25)/Merleg_m!U50) -> 0.25579706 | I50: =IF(Merleg_m!X50=0,"",(Merleg_m!X23-Merleg_m!X25)/Merleg_m!X50) -> 0.10818909
C51: Kurzfr. Verbindlichk. | F51: FII.
A53: Liquidität IV. | C53: Geldmittel + Wertpap. | F53: BIV.+BIII. | H53: =IF(Merleg_m!U50=0,"",(Merleg_m!U27+Merleg_m!U26)/Merleg_m!U50) -> 0.24959963 | I53: =IF(Merleg_m!X50=0,"",(Merleg_m!X27+Merleg_m!X26)/Merleg_m!X50) -> 0.10054064
C54: Kurzfr. Verbindlichk. | F54: FII.
A56: Zeitdauer d. Ausstände, Tag | C56: Durchschn. Forderungen | F56: (BII.1.c+BII.1.d)*(365/2/) | H56: =IF(Merleg_m!U83=0,"",(#REF!+Adatok!M11)*365/2/Merleg_m!U83) -> #REF! | I56: =IF(Merleg_m!X83=0,"",(#REF!+#REF!)*365/2/Merleg_m!X83) -> #REF!
C57: Erlös | F57: Er. I.
A59: Zeitdauer d. | C59: Durchschn. Lief. Bestand. | F59: (FII.2.c+FII.2.d)*(365/2/) | H59: =IF(#REF!=0,"",(#REF!+Adatok!M13)*365/2/#REF!) -> #REF! | I59: =IF(#REF!=0,"",(#REF!+#REF!)*365/2/#REF!) -> #REF!
A60: Verbindlichkeiten, Tag | C60: Materialaufwend | F60: Er. IV.
A62: Verhältnis von Ford. | C62: Forderungen | F62: B II. 1. | H62: =IF(#REF!=0,"",#REF!/#REF!) -> #REF! | I62: =IF(#REF!=0,"",#REF!/#REF!) -> #REF!
A63: und Verbindlichkeiten | C63: Verbindlichkeiten | F63: F II. 2.
A65: Umdrehung der Vorräte | C65: Umsatzerlöse | F65: B. I.c.+B.I.d. | H65: =IF((Merleg_m!U24+Adatok!M15)/2=0,"",Merleg_m!U83/((Merleg_m!U24+Adatok!M15)/2)) -> 204.07543 | I65: =IF((Merleg_m!X24+Merleg_m!U24)/2=0,"",Merleg_m!X83/((Merleg_m!X24+Merleg_m!U24)/2)) -> 50.923921
C66: Durchschn. Bestände | F66: 2
A74: =Adatok!B2 -> MOGYORÓD NONPROFIT KFT
A76: Ergebnis und Ertragslage
A78: =Adatok!B6 -> 2025.
I80: Daten in 1000 Ft
A81: BEZEICHNUNG | H81: VORJAHR | I81: BEZUGSJAHR
A83: Betriebsergebnis | H83: =Merleg_m!U92 -> 25802 | I83: =Merleg_m!V92+Merleg_m!X92 -> #REF!
A85: Finanzergebnis | H85: =Merleg_m!U95 -> 0 | I85: =Merleg_m!V95+Merleg_m!X95 -> #REF!
A87: Auserordentliches Ergebnis | H87: =#REF! -> #REF! | I87: =#REF!+#REF! -> #REF!
A89: Ergebnis vor Steuern | H89: =Merleg_m!U96 -> 25802 | I89: =Merleg_m!V96+Merleg_m!X96 -> #REF!
A91: Versteuertes Ergebnis | H91: =Merleg_m!U98 -> 25794 | I91: =Merleg_m!V98+Merleg_m!X98 -> #REF!
A93: Bilanzergebnis | H93: =#REF! -> #REF! | I93: =#REF!+#REF! -> #REF!
A99: BEZEICHNUNG | C99: BERECHNUNG | F99: BILANZ POSTEN | H99: VORJAHR | I99: BEZUGSJAHR
A101: Umsatzertrag | C101: Betriebsergebnis | F101: Er. A | H101: =IF(Merleg_m!U83=0,"",Merleg_m!U92/Merleg_m!U83) -> 0.12888241 | I101: =IF(Merleg_m!V83+Merleg_m!X83=0,"",Merleg_m!V92+Merleg_m!X92/(Merleg_m!V83+Merleg_m!X83)) -> #REF!
C102: Umsatzerlöse | F102: Er. I.
A104: Kapitalertrag | C104: Betriebsergebnis | F104: Er. A | H104: =IF(Merleg_m!U37=0,"",Merleg_m!U92/Merleg_m!U37) -> 0.5038469 | I104: =IF(Merleg_m!V37+Merleg_m!X37=0,"",Merleg_m!V92+Merleg_m!X92/(Merleg_m!V37+Merleg_m!X37)) -> #REF!
C105: Eigenkapital | F105: D
A107: Ertrag der gesamten Mittel | C107: Betriebsergebnis | F107: Er. A | H107: =IF(Merleg_m!U29=0,"",Merleg_m!U92/Merleg_m!U29) -> 0.046428269 | I107: =IF(Merleg_m!V29+Merleg_m!X29=0,"",(Merleg_m!V92+Merleg_m!X92)/(Merleg_m!V29+Merleg_m!X29)) -> #REF!
C108: Aktiva | F108: A+B+C
A115: =Adatok!B2 -> MOGYORÓD NONPROFIT KFT
A117: KOSTENSTRUKTUR ("A")
A119: =Adatok!B6 -> 2025.
A122: Bezeichnung | C122: Vorjahr | G122: Bezugsjahr
C123: 1000 | D123: % | G123: 1000 | I123: %
A124: Netto Umsatzerlöse | C124: =Merleg_m!U83 -> 200198 | D124: - | G124: =Merleg_m!X83+Merleg_m!V83 -> #REF! | I124: -
A125: Aktivierte eigene Mittel | C125: =#REF! -> #REF! | D125: - | G125: =#REF!+#REF! -> #REF! | I125: -
A126: Bestandsveränderung von Eigenprodukten | C126: =#REF! -> #REF! | D126: - | G126: =#REF!+#REF! -> #REF! | I126: -
A127: Brutto Umsatz (Produktionswert) | C127: =SUM(C124:C126) -> #REF! | D127: - | G127: =SUM(G124:G126) -> #REF! | I127: -
A128: Sonstige Einnahmen | C128: =Merleg_m!U85 -> 260453 | D128: - | G128: =Merleg_m!X85+Merleg_m!V85 -> 146947 | I128: -
A129: Umsatz insgesamt | C129: =SUM(C127:C128) -> #REF! | D129: 1 | G129: =SUM(G127:G128) -> #REF! | I129: 1
A130: Materialkosten | C130: =#REF! -> #REF! | D130: =IF(C129=0,"",C130/C129) -> #REF! | G130: =#REF!+#REF! -> #REF! | I130: =IF(G129=0,"",G130/G129) -> #REF!
A131: Leistungen mit materiellem Charakter | C131: =#REF! -> #REF! | D131: =IF(C129=0,"",C131/C129) -> #REF! | G131: =#REF!+#REF! -> #REF! | I131: =IF(G129=0,"",G131/G129) -> #REF!
A132: Wareneinsatz | C132: =#REF! -> #REF! | D132: =IF(C129=0,"",C132/C129) -> #REF! | G132: =#REF!+#REF! -> #REF! | I132: =IF(G129=0,"",G132/G129) -> #REF!
A133: Subunternehmen | C133: =#REF! -> #REF! | D133: =IF(C129=0,"",C133/C129) -> #REF! | G133: =#REF!+#REF! -> #REF! | I133: =IF(G129=0,"",G133/G129) -> #REF!
A134: Materielle Aufwendungen | C134: =#REF! -> #REF! | D134: =IF(C129=0,"",C134/C129) -> #REF! | G134: =#REF!+#REF! -> #REF! | H134: =#REF! -> #REF! | I134: =IF(G129=0,"",G134/G129) -> #REF!
A135: Lohnkosten | C135: =#REF! -> #REF! | D135: =IF(C129=0,"",C135/C129) -> #REF! | G135: =#REF!+#REF! -> #REF! | H135: =#REF! -> #REF! | I135: =IF(G129=0,"",G135/G129) -> #REF!
A136: Sonstige Personalkosten | C136: =#REF! -> #REF! | D136: =IF(C129=0,"",C136/C129) -> #REF! | G136: =#REF!+#REF! -> #REF! | I136: =IF(G129=0,"",G136/G129) -> #REF!
A137: Soziallast | C137: =#REF! -> #REF! | D137: =IF(C129=0,"",C137/C129) -> #REF! | G137: =#REF!+#REF! -> #REF! | I137: =IF(G129=0,"",G137/G129) -> #REF!
A138: Personelle Aufwendungen insgesamt | C138: =Merleg_m!U88 -> 249253 | D138: =IF(C129=0,"",C138/C129) -> #REF! | G138: =Merleg_m!X88+Merleg_m!V88 -> #REF! | I138: =IF(G129=0,"",G138/G129) -> #REF!
A139: Abschreibungen | C139: =Merleg_m!U89 -> 30456 | D139: =IF(C129=0,"",C139/C129) -> #REF! | G139: =Merleg_m!X89+Merleg_m!V89 -> 21781 | I139: =IF(G129=0,"",G139/G129) -> #REF!
A140: Sonstige Kosten | C140: =Merleg_m!U90 -> 17692 | D140: =IF(C129=0,"",C140/C129) -> #REF! | G140: =Merleg_m!X90+Merleg_m!V90 -> 6206 | I140: =IF(G129=0,"",G140/G129) -> #REF!
A141: Sonstige Aufwendungen | C141: =#REF! -> #REF! | D141: =IF(C129=0,"",C141/C129) -> #REF! | G141: =#REF!+#REF! -> #REF! | I141: =IF(G129=0,"",G141/G129) -> #REF!
A142: Sonstige Kosten und Aufwendungen | C142: =SUM(C134,C138:C141) -> #REF! | D142: =IF(C129=0,"",C142/C129) -> #REF! | G142: =SUM(G134,G138:G141) -> #REF! | I142: =IF(G129=0,"",G142/G129) -> #REF!
A143: Betriebsergebnis | C143: =Merleg_m!U92 -> 25802 | D143: =IF(C129=0,"",C143/C129) -> #REF! | G143: =Merleg_m!X92+Merleg_m!V92 -> #REF! | I143: =IF(G129=0,"",G143/G129) -> #REF!

Sheet Mutato_a
A4: =Adatok!B2 -> MOGYORÓD NONPROFIT KFT
A6: ASSETS AND CAPITAL STRUCTURE
A8: =Adatok!B6 -> 2025.
A11: ITEM | C11: CALCULATION | F11: BALANCE SHEET REF. | H11: PREVIOUS YEAR | I11: TARGET YEAR
A13: Coverage on fixed assets | C13: Issued capital | F13: D | H13: =IF(Merleg_m!U19=0,"",Merleg_m!U37/Merleg_m!U19) -> 0.11712264 | I13: =IF(Merleg_m!X19=0,"",Merleg_m!X37/Merleg_m!X19) -> 0.17215184
C14: Fixed assets | F14: A | H14: =IF(#REF!=0,"",#REF!/#REF!) -> #REF! | I14: =IF(#REF!=0,"",#REF!/#REF!) -> #REF!
A16: Coverage on tangible assets | C16: Issued capital | F16: D | H16: =IF(Merleg_m!U21=0,"",Merleg_m!U37/Merleg_m!U21) -> 0.11712264 | I16: =IF(Merleg_m!X21=0,"",Merleg_m!X37/Merleg_m!X21) -> 0.17215184
C17: Tangible assets | F17: AII | H17: =IF(#REF!=0,"",#REF!/#REF!) -> #REF! | I17: =IF(#REF!=0,"",#REF!/#REF!) -> #REF!
A19: Fixed assets ratio | C19: Fixed assets | F19: A | H19: =IF(Merleg_m!U19+Merleg_m!U23+Merleg_m!U28=0,"",Merleg_m!U19/(Merleg_m!U19+Merleg_m!U23+Merleg_m!U28)) -> 0.78676141 | I19: =IF(Merleg_m!X19+Merleg_m!X23+Merleg_m!X28=0,"",Merleg_m!X19/(Merleg_m!X19+Merleg_m!X23+Merleg_m!X28)) -> 0.75715598
C20: Assets total | F20: A+B+C | H20: =IF((#REF!+#REF!+#REF!)=0,"",#REF!/(#REF!+#REF!+#REF!)) -> #REF! | I20: =IF((#REF!+#REF!+#REF!)=0,"",#REF!/(#REF!+#REF!+#REF!)) -> #REF!
A22: Equity ratio I. | C22: Issued capital | F22: D | H22: =IF(Merleg_m!U37+Merleg_m!U45+Merleg_m!U47+Merleg_m!U51=0,"",Merleg_m!U37/(Merleg_m!U37+Merleg_m!U45+Merleg_m!U47+Merleg_m!U51)) -> 0.088060351 | I22: =IF(Merleg_m!X37+Merleg_m!X45+Merleg_m!X47+Merleg_m!X51=0,"",Merleg_m!X37/(Merleg_m!X37+Merleg_m!X45+Merleg_m!X47+Merleg_m!X51)) -> 0.12569287
C23: Liabilities total | F23: D+E+F+G | H23: =IF((#REF!+#REF!+#REF!+#REF!)=0,"",#REF!/(#REF!+#REF!+#REF!+#REF!)) -> #REF! | I23: =IF((#REF!+#REF!+#REF!+#REF!)=0,"",#REF!/(#REF!+#REF!+#REF!+#REF!)) -> #REF!
A25: Capital structure ratio I. | C25: Liabilities | F25: F | H25: =IF(Merleg_m!U37=0,"",Merleg_m!U47/Merleg_m!U37) -> 9.2866628 | I25: =IF(Merleg_m!X37=0,"",Merleg_m!X47/Merleg_m!X37) -> 6.301366
C26: Issued capital | F26: D | H26: =IF(#REF!=0,"",#REF!/#REF!) -> #REF! | I26: =IF(#REF!=0,"",#REF!/#REF!) -> #REF!
A28: Capital structure ratio II. | C28: Short-term liabilities | F28: FII | H28: =IF(Merleg_m!U37=0,"",Merleg_m!U50/Merleg_m!U37) -> 6.1820543 | I28: =IF(Merleg_m!X37=0,"",Merleg_m!X50/Merleg_m!X37) -> 4.0784245
C29: Issued capital | F29: D | H29: =IF(#REF!=0,"",#REF!/#REF!) -> #REF! | I29: =IF(#REF!=0,"",#REF!/#REF!) -> #REF!
A36: =Adatok!B2 -> MOGYORÓD NONPROFIT KFT
A38: SHORT TERM FIGURES ON FINANCIAL SITUATION
A40: =Adatok!B6 -> 2025.
A42: ITEM | C42: CALCULATION | F42: BALANCE SHEET REF. | H42: PREVIOUS YEAR | I42: TARGET YEAR
A44: Liquidity ratio | C44: Current assets | F44: B | H44: =IF(Merleg_m!U47=0,"",Merleg_m!U23/Merleg_m!U47) -> 0.18844124 | I44: =IF(Merleg_m!X47=0,"",Merleg_m!X23/Merleg_m!X47) -> 0.076016242
C45: Liabilities | F45: F
A47: Current ratio I. | C47: Current assets | F47: B | H47: =IF(Merleg_m!U50=0,"",Merleg_m!U23/Merleg_m!U50) -> 0.28307584 | I47: =IF(Merleg_m!X50=0,"",Merleg_m!X23/Merleg_m!X50) -> 0.11744882
C48: Short-term liabilities | F48: FII
A50: Current ratio II. | C50: Current assets - accounts receivable | F50: B-BII. | H50: =IF(Merleg_m!U50=0,"",(Merleg_m!U23-Merleg_m!U25)/Merleg_m!U50) -> 0.25579706 | I50: =IF(Merleg_m!X50=0,"",(Merleg_m!X23-Merleg_m!X25)/Merleg_m!X50) -> 0.10818909
C51: Short-term liabilities | F51: FII.
A53: Current ratio III. | C53: Liquid assets + securities | F53: BIV.+BIII. | H53: =IF(Merleg_m!U50=0,"",(Merleg_m!U27+Merleg_m!U26)/Merleg_m!U50) -> 0.24959963 | I53: =IF(Merleg_m!X50=0,"",(Merleg_m!X27+Merleg_m!X26)/Merleg_m!X50) -> 0.10054064
C54: Short-term liabilities | F54: FII.
A56: Accounts receivable | C56: Average Buyers | F56: (BII.1.c+BII.1.d)*(365/2/) | H56: =IF(Merleg_m!U83=0,"",(#REF!+Adatok!M11)*365/2/Merleg_m!U83) -> #REF! | I56: =IF(Merleg_m!X83=0,"",(#REF!+#REF!)*365/2/Merleg_m!X83) -> #REF!
A57: average duration, day | C57: Net Sales Revenues | F57: Er. I.
A59: Accounts payable | C59: Average Suppliers | F59: (FII.2.c+FII.2.d)*(365/2/) | H59: =IF(#REF!=0,"",(#REF!+Adatok!M13)*365/2/#REF!) -> #REF! | I59: =IF(#REF!=0,"",(#REF!+#REF!)*365/2/#REF!) -> #REF!
A60: average duration, day | C60: Material-type Expenditures | F60: Er. IV.
A62: Buyers and suppliers ratio | C62: Buyers | F62: B II. 1. | H62: =IF(#REF!=0,"",#REF!/#REF!) -> #REF! | I62: =IF(#REF!=0,"",#REF!/#REF!) -> #REF!
C63: Suppliers | F63: F II. 2.
A65: Inventory turnover | C65: Net Sales Revenues | F65: B. I.c.+B.I.d. | H65: =IF((Merleg_m!U24+Adatok!M15)/2=0,"",Merleg_m!U83/((Merleg_m!U24+Adatok!M15)/2)) -> 204.07543 | I65: =IF((Merleg_m!X24+Merleg_m!U24)/2=0,"",Merleg_m!X83/((Merleg_m!X24+Merleg_m!U24)/2)) -> 50.923921
C66: Average inventory | F66: 2
A74: =Adatok!B2 -> MOGYORÓD NONPROFIT KFT
A76: PROFIT AND PROFITABILITY
A78: =Adatok!B6 -> 2025.
I80: thousand Ft
A81: THE MAIN COMPONENTS OF PROFIT | H81: PREVIOUS YEAR | I81: TARGET YEAR
A83: Trading Profit | H83: =Merleg_m!U92 -> 25802 | I83: =Merleg_m!V92+Merleg_m!X92 -> #REF!
A85: Financial Profit | H85: =Merleg_m!U95 -> 0 | I85: =Merleg_m!V95+Merleg_m!X95 -> #REF!
A87: Extraordinary Profit | H87: =#REF! -> #REF! | I87: =#REF!+#REF! -> #REF!
A89: Pre-tax Profit total | H89: =Merleg_m!U96 -> 25802 | I89: =Merleg_m!V96+Merleg_m!X96 -> #REF!
A91: After-tax Profit | H91: =Merleg_m!U98 -> 25794 | I91: =Merleg_m!V98+Merleg_m!X98 -> #REF!
A93: Balance sheet net profit figure | H93: =#REF! -> #REF! | I93: =#REF!+#REF! -> #REF!
A99: ITEM | C99: CALCULATION | F99: BALANCE SHEET REF. | H99: PREVIOUS YEAR | I99: TARGET YEAR
A101: Trading profit ratio | C101: Trading Profit | F101: Er. A | H101: =IF(Merleg_m!U83=0,"",Merleg_m!U92/Merleg_m!U83) -> 0.12888241 | I101: =IF(Merleg_m!V83+Merleg_m!X83=0,"",Merleg_m!V92+Merleg_m!X92/(Merleg_m!V83+Merleg_m!X83)) -> #REF!
A102: to sales revenues | C102: Net Sales Revenues | F102: Er. I.
A104: Return on equity | C104: Trading Profit | F104: Er. A | H104: =IF(Merleg_m!U37=0,"",Merleg_m!U92/Merleg_m!U37) -> 0.5038469 | I104: =IF(Merleg_m!V37+Merleg_m!X37=0,"",Merleg_m!V92+Merleg_m!X92/(Merleg_m!V37+Merleg_m!X37)) -> #REF!
C105: Issued Capital | F105: D
A107: Return on total assets | C107: Trading Profit | F107: Er. A | H107: =IF(Merleg_m!U29=0,"",Merleg_m!U92/Merleg_m!U29) -> 0.046428269 | I107: =IF(Merleg_m!V29+Merleg_m!X29=0,"",(Merleg_m!V92+Merleg_m!X92)/(Merleg_m!V29+Merleg_m!X29)) -> #REF!
C108: Assets total | F108: A+B+C
A115: =Adatok!B2 -> MOGYORÓD NONPROFIT KFT
A117: A KÖLTSÉGSZERKEZET ALAKULÁSA ("A")
A119: =Adatok!B6 -> 2025.
A122: Item | C122: Previous Year | G122: Target Year
C123: thousand Ft | D123: % | G123: thousand Ft | I123: %
A124: Net Sales Revenues | C124: =Merleg_m!U83 -> 200198 | D124: - | G124: =Merleg_m!X83+Merleg_m!V83 -> #REF! | I124: -
A125: Capitalised value of self-manufactured assets | C125: =#REF! -> #REF! | D125: - | G125: =#REF!+#REF! -> #REF! | I125: -
A126: Change is self-manufactured inventories | C126: =#REF! -> #REF! | D126: - | G126: =#REF!+#REF! -> #REF! | I126: -
A127: Gross sales revenues (production value) | C127: =SUM(C124:C126) -> #REF! | D127: - | G127: =SUM(G124:G126) -> #REF! | I127: -
A128: Other Revenues | C128: =Merleg_m!U85 -> 260453 | D128: - | G128: =Merleg_m!X85+Merleg_m!V85 -> 146947 | I128: -
A129: Total sales revenues | C129: =SUM(C127:C128) -> #REF! | D129: 1 | G129: =SUM(G127:G128) -> #REF! | I129: 1
A130: Raw material costs | C130: =#REF! -> #REF! | D130: =IF(C129=0,"",C130/C129) -> #REF! | G130: =#REF!+#REF! -> #REF! | I130: =IF(G129=0,"",G130/G129) -> #REF!
A131: Value of material-type services used | C131: =#REF! -> #REF! | D131: =IF(C129=0,"",C131/C129) -> #REF! | G131: =#REF!+#REF! -> #REF! | I131: =IF(G129=0,"",G131/G129) -> #REF!
A132: Cost of goods sold | C132: =#REF! -> #REF! | D132: =IF(C129=0,"",C132/C129) -> #REF! | G132: =#REF!+#REF! -> #REF! | I132: =IF(G129=0,"",G132/G129) -> #REF!
A133: Value of subcontractors works | C133: =#REF! -> #REF! | D133: =IF(C129=0,"",C133/C129) -> #REF! | G133: =#REF!+#REF! -> #REF! | I133: =IF(G129=0,"",G133/G129) -> #REF!
A134: Material-type Expenditures | C134: =#REF! -> #REF! | D134: =IF(C129=0,"",C134/C129) -> #REF! | G134: =#REF!+#REF! -> #REF! | H134: =#REF! -> #REF! | I134: =IF(G129=0,"",G134/G129) -> #REF!
A135: Wages and salaries | C135: =#REF! -> #REF! | D135: =IF(C129=0,"",C135/C129) -> #REF! | G135: =#REF!+#REF! -> #REF! | H135: =#REF! -> #REF! | I135: =IF(G129=0,"",G135/G129) -> #REF!
A136: Other payments to personnel | C136: =#REF! -> #REF! | D136: =IF(C129=0,"",C136/C129) -> #REF! | G136: =#REF!+#REF! -> #REF! | I136: =IF(G129=0,"",G136/G129) -> #REF!
A137: Social insurence contribution | C137: =#REF! -> #REF! | D137: =IF(C129=0,"",C137/C129) -> #REF! | G137: =#REF!+#REF! -> #REF! | I137: =IF(G129=0,"",G137/G129) -> #REF!
A138: Payments to Personnel | C138: =Merleg_m!U88 -> 249253 | D138: =IF(C129=0,"",C138/C129) -> #REF! | G138: =Merleg_m!X88+Merleg_m!V88 -> #REF! | I138: =IF(G129=0,"",G138/G129) -> #REF!
A139: Depreciation Charge | C139: =Merleg_m!U89 -> 30456 | D139: =IF(C129=0,"",C139/C129) -> #REF! | G139: =Merleg_m!X89+Merleg_m!V89 -> 21781 | I139: =IF(G129=0,"",G139/G129) -> #REF!
A140: Other Costs | C140: =Merleg_m!U90 -> 17692 | D140: =IF(C129=0,"",C140/C129) -> #REF! | G140: =Merleg_m!X90+Merleg_m!V90 -> 6206 | I140: =IF(G129=0,"",G140/G129) -> #REF!
A141: Other Expenditures | C141: =#REF! -> #REF! | D141: =IF(C129=0,"",C141/C129) -> #REF! | G141: =#REF!+#REF! -> #REF! | I141: =IF(G129=0,"",G141/G129) -> #REF!
A142: Total costs and expenses | C142: =SUM(C134,C138:C141) -> #REF! | D142: =IF(C129=0,"",C142/C129) -> #REF! | G142: =SUM(G134,G138:G141) -> #REF! | I142: =IF(G129=0,"",G142/G129) -> #REF!
A143: Trading Profit | C143: =Merleg_m!U92 -> 25802 | D143: =IF(C129=0,"",C143/C129) -> #REF! | G143: =Merleg_m!X92+Merleg_m!V92 -> #REF! | I143: =IF(G129=0,"",G143/G129) -> #REF!

Sheet Modul1

Sheet Modul2

Sheet Modul3

Sheet Modul4

Sheet Modul5

Sheet Modul6
